 Dungeon Crawl Stone Soup version 0.21-a0-401-g0b6bec4 (webtiles) character file.

92 tidbits the Charmwright (level 4, -2/38 HPs)
             Began as a Gnoll Skald on Oct 23, 2017.
             Slain by a gnoll
             ... wielding a +0 halberd
              (6 damage)
             ... on level 2 of the Dungeon.
             The game lasted 00:03:49 (519 turns).

tidbits the Charmwright (Gnoll Skald)                Turns: 519, Time: 00:03:49

Health: -2/38      AC:  5    Str: 14    XL:     4   Next: 60%
Magic:  2/11       EV: 13    Int: 16    God:
Gold:   51         SH:  0    Dex: 14    Spells: 2/13 levels left

rFire    . . .     SeeInvis .   a - +0 hand axe
rCold    . . .     Gourm    .   (no shield)
rNeg     . . .     Faith    .   B - +0 ring mail
rPois    .         Spirit   .   (no helmet)
rElec    .         Reflect  .   (no cloak)
rCorr    .         Harm     .   (no gloves)
MR       .....                  (no boots)
Stlth    +.........             (no amulet)
HPRegen  0.12/turn              (no ring)
MPRegen  0.12/turn              (no ring)

@: no status effects
A: distributed training, fangs 1, strong nose
a: no special abilities


You were on level 2 of the Dungeon.
You were not hungry.

You visited 1 branch of the dungeon, and saw 2 of its levels.

You collected 51 gold pieces.

Inventory:

Hand Weapons
 a - a +0 hand axe (weapon)
Missiles
 f - 57 arrows
Armour
 b - a +0 leather armour
 B - a +0 ring mail (worn)
Wands
 j - a wand of confusion (19/48)
Scrolls
 e - a scroll of identify {unknown}
 g - 2 scrolls of teleportation {unknown}
 h - a scroll of amnesia {unknown}
Potions
 i - a potion of invisibility {unknown}
Books
 c - a book of Battle

   Spells                             Type                      Level
   a - Infusion                       Charms                       1
   b - Shroud of Golubria             Charms/Translocation         2
   c - Song of Slaying                Charms                       2
   d - Spectral Weapon                Hexes/Charms                 3
   e - Regeneration                   Charms/Necromancy            3
Comestibles
 d - 3 bread rations


   Skills:
 + Level 4.6 Fighting
 + Level 1.1 Short Blades
 + Level 1.1 Long Blades
 + Level 4.6 Axes
 + Level 1.1 Maces & Flails
 + Level 1.1 Polearms
 + Level 1.1 Staves
 + Level 1.1 Slings
 + Level 1.1 Bows
 + Level 1.1 Crossbows
 + Level 1.1 Throwing
 + Level 2.7 Armour
 + Level 4.6 Dodging
 + Level 1.1 Stealth
 + Level 1.1 Shields
 + Level 1.1 Unarmed Combat
 + Level 5.1 Spellcasting
 + Level 0.9 Conjurations
 + Level 0.9 Hexes
 + Level 5.4 Charms
 + Level 0.9 Summonings
 + Level 0.9 Necromancy
 + Level 0.9 Translocations
 + Level 0.9 Transmutations
 + Level 0.9 Fire Magic
 + Level 0.9 Ice Magic
 + Level 0.9 Air Magic
 + Level 0.9 Earth Magic
 + Level 0.9 Poison Magic
 + Level 1.2 Invocations
 + Level 1.1 Evocations


You had 2 spell levels left.
You knew the following spells:

 Your Spells              Type           Power        Failure   Level  Hunger
g - Shroud of Golubria    Chrm/Tloc      ##........   12%         2    #......
i - Infusion              Chrm           ###.         3%          1    None
r - Regeneration          Chrm/Necr      ##........   24%         3    ###....
w - Spectral Weapon       Hex/Chrm       ##......     24%         3    ###....
y - Song of Slaying       Chrm           ###.....     4%          2    #......


Dungeon Overview and Level Annotations

Branches:
Dungeon (2/15)

Altars:


Innate Abilities, Weirdness & Mutations

Your experience applies equally to all skills.
You have very sharp teeth.
Your uncanny sense of smell can sniff out nearby items.


Message History

The giant cockroach bites you but does no damage.
You see here a hobgoblin corpse.
Casting: Spectral Weapon
Confirm with . or Enter, or press ? or * to list all spells.
You draw out your weapon's spirit!
The giant cockroach bites you. The gnoll hits you but does no damage.
You hit the giant cockroach.
The giant cockroach is severely wounded.
You barely miss the gnoll.
Your spectral weapon barely misses the giant cockroach.
The giant cockroach bites you but does no damage.
The gnoll hits you with a halberd!
* * * LOW HITPOINT WARNING * * *
The giant cockroach bites you.
* * * LOW HITPOINT WARNING * * *
You barely miss the giant cockroach.
The giant cockroach is heavily wounded.
You hit the gnoll.
Your spectral weapon hits the giant cockroach.
You kill the giant cockroach!
The gnoll closely misses you.
You hit the gnoll but do no damage. You bite the gnoll, but do no damage.
The gnoll is lightly wounded.
The gnoll closely misses you.
You hit the gnoll.
The gnoll is moderately wounded.
Your spectral weapon hits the gnoll.
The gnoll hits you with a halberd.
* * * LOW HITPOINT WARNING * * *
You closely miss the gnoll.
The gnoll is severely wounded.
Your spectral weapon closely misses the gnoll.
The gnoll misses you.
You hit the gnoll.
The gnoll is almost dead.
Your spectral weapon barely misses the gnoll.
The gnoll closely misses you.
You hit the gnoll.
You kill the gnoll!
Casting: Spectral Weapon
Confirm with . or Enter, or press ? or * to list all spells.
Your skin crawls.
The rat bites you but does no damage.
You hit the rat.
The rat is moderately wounded.
Your spectral weapon hits the rat!
You kill the rat!
A gnoll comes into view. It is wielding a spear.
You hit the gnoll.
The gnoll is heavily wounded.
Your spectral weapon hits the gnoll.
The gnoll completely misses you.
You hit the gnoll.
You kill the gnoll!
The dart slug launches a dart at you. The slug dart hits you!
* * * LOW HITPOINT WARNING * * *
Unknown command.
Your skin is crawling a little less now.
The dart slug launches a dart at you. The slug dart misses you.
Casting: Regeneration
Confirm with . or Enter, or press ? or * to list all spells.
Space distorts slightly along a thin shroud covering your body.
You swap places.
A gnoll comes into view. It is wielding a halberd.
The dart slug launches a dart at you. The slug dart hits you!
* * * LOW HITPOINT WARNING * * *
The gnoll completely misses you.
You see here a giant cockroach corpse.
Your skin stops crawling.
The gnoll closely misses you. The gnoll hits you with a spear.
* * * LOW HITPOINT WARNING * * *
The dart slug closely misses you.
You hit the dart slug. You bite the dart slug.
The dart slug is almost dead.
You barely miss the gnoll.
Your spectral weapon hits the dart slug!
You kill the dart slug!
The gnoll closely misses you. x2
You hit the gnoll but do no damage.
Your spectral weapon fades away.
The gnoll misses you. The gnoll barely misses you.
You hit the gnoll.
The gnoll is heavily wounded.
The gnoll barely misses you. The gnoll closely misses you.
Casting: Shroud of Golubria
Confirm with . or Enter, or press ? or * to list all spells.
You draw out your weapon's spirit!
Your shroud bends the gnoll's attack away.
The gnoll closely misses you.
You slash the gnoll!
You kill the gnoll!
The gnoll barely misses you.
You see here a giant cockroach corpse.
The gnoll hits you with a halberd!
* * * LOW HITPOINT WARNING * * *
Your shroud falls apart!
You see here a hobgoblin corpse.
You hit the gnoll but do no damage.
Your spectral weapon hits the gnoll.
The gnoll hits you with a halberd.
You die...

####### #.....#
#############.###.#
#######.†.†.........# #.#
.......(@..########.###.#
##### #######g##.#
#.....#
......#######.##.#
###.###
w......gr.s...##.# #.#
####..##########.# #.# #.
#.# #.# # #.# #.# ..# #.#
#.# #.#


You could see a gnoll and a friendly spectral hand axe.

Vanquished Creatures
  2 adders (D:2)
  3 gnolls (D:2)
  An ooze (D:1)
  A worm (D:2)
  2 dart slugs
  2 bats (D:1)
  2 giant cockroaches
  A goblin (D:1)
  7 hobgoblins
  4 jackals (D:1)
  A kobold (D:1)
  A quokka (D:2)
  A frilled lizard (D:1)
  7 rats
35 creatures vanquished.

Notes
Turn   | Place    | Note
-------+----------+-------------------------------------------
     0 | D:1      | tidbits the Gnoll Skald began the quest for the Orb.
     0 | D:1      | Reached XP level 1. HP: 20/20 MP: 6/6
    46 | D:1      | Reached XP level 2. HP: 17/26 MP: 0/7
    52 | D:1      | Learned a level 2 spell: Song of Slaying
    55 | D:1      | Learned a level 2 spell: Shroud of Golubria
   206 | D:1      | Reached XP level 3. HP: 21/31 MP: 6/9
   213 | D:1      | Learned a level 3 spell: Regeneration
   217 | D:1      | Learned a level 3 spell: Spectral Weapon
   303 | D:1      | Reached skill level 5 in Spellcasting
   336 | D:2      | Reached skill level 1 in Invocations
   417 | D:2      | Reached skill level 1 in Short Blades
   417 | D:2      | Reached skill level 1 in Long Blades
   417 | D:2      | Reached skill level 1 in Maces & Flails
   417 | D:2      | Reached skill level 1 in Polearms
   417 | D:2      | Reached skill level 1 in Staves
   417 | D:2      | Reached skill level 1 in Slings
   417 | D:2      | Reached skill level 1 in Bows
   417 | D:2      | Reached skill level 1 in Crossbows
   417 | D:2      | Reached skill level 1 in Throwing
   417 | D:2      | Reached skill level 1 in Stealth
   417 | D:2      | Reached skill level 1 in Shields
   417 | D:2      | Reached skill level 1 in Unarmed Combat
   417 | D:2      | Reached skill level 1 in Evocations
   465 | D:2      | Reached XP level 4. HP: 31/38 MP: 7/11
   519 | D:2      | Slain by a gnoll

Vault maps used:
D:1:      sevenhm_arrival_forest_fort_large_2
D:2:      first_bread

Skill      XL: |  1  2  3 |
---------------+----------+-----
Spellcasting   | 5 |  5.1
Invocations    | 1 |  1.2
Short Blades   | 1 |  1.1
Long Blades    | 1 |  1.1
Maces & Flails | 1 |  1.1
Polearms       | 1 |  1.1
Staves         | 1 |  1.1
Slings         | 1 |  1.1
Bows           | 1 |  1.1
Crossbows      | 1 |  1.1
Throwing       | 1 |  1.1
Stealth        | 1 |  1.1
Shields        | 1 |  1.1
Unarmed Combat | 1 |  1.1
Evocations     | 1 |  1.1
Fighting       | |  4.6
Axes           | |  4.6
Armour         | |  2.7
Dodging        | |  4.6
Conjurations   | |  0.9
Hexes          | |  0.9
Charms         | |  5.4
Summonings     | |  0.9
Necromancy     | |  0.9
Translocations | |  0.9
Transmutations | |  0.9
Fire Magic     | |  0.9
Ice Magic      | |  0.9
Air Magic      | |  0.9
Earth Magic    | |  0.9
Poison Magic   | |  0.9

Action                   |  1- 3 |  4- 6 || total
-------------------------+-------+-------++-------
Melee: Hand axe          |    48 |    18 ||    66
       Bite              |     4 |     2 ||     6
 Cast: Infusion          |     6 |       ||     6
       Spectral Weapon   |     3 |     2 ||     5
       Regeneration      |       |     1 ||     1
       Shroud of Golubri |       |     1 ||     1
 Stab: Sleeping          |     1 |       ||     1
Armor: Leather armour    |    11 |       ||    11
       Ring mail         |     2 |     6 ||     8
Dodge: Dodged            |    33 |    21 ||    54

Table legend:
 A = Spawn XP
 B = Non-spawn XP
 C = Spawn XP percentage of total XP
 D = Spawn monster count
 E = Non-spawn monster count
 F = Spawn count percentage of total count
 G = Total turns spent on level
                    A         B        C        D         E        F      G
               +---------+---------+-------+---------+---------+-------+---------
         Total |       0 |     132 |   0.0 |       0 |      35 |   0.0 |   519
               +---------+---------+-------+---------+---------+-------+---------
           D:1 |       0 |      39 |   0.0 |       0 |      19 |   0.0 |   305
           D:2 |       0 |      93 |   0.0 |       0 |      16 |   0.0 |   214
               +---------+---------+-------+---------+---------+-------+---------

Table legend:
 A = Turns spent in this place as a percentage of turns spent in the entire game.
 B = Non-inter-level travel turns spent in this place as a percentage of non-inter-level travel turns spent in the entire game.
 C = Inter-level travel turns spent in this place as a percentage of turns spent in this place.
 D = Turns resting spent in this place as a percentage of non-inter-level travel turns spent in this place.
 E = Turns spent auto-exploring this place as a percentage of non-inter-level travel turns spent in this place.
 F = Non-inter-level travel turns spent in this place divided by the number of levels of this place that you've seen.
                   A       B       C       D       E      F
               +-------+-------+-------+-------+-------+----------------------
         Total | 100.0 | 100.0 |   0.0 |   0.0 |   0.0 | 259.5
       Dungeon | 100.0 | 100.0 |   0.0 |   0.0 |   0.0 | 259.5
               +-------+-------+-------+-------+-------+----------------------

Table legend:
 A = Kills in this place as a percentage of kills in entire the game.
 B = Kills by you in this place as a percentage of kills by you in the entire game.
 C = Kills by friends in this place as a percentage of kills by friends in the entire game.
 D = Other kills in this place as a percentage of other kills in the entire game.
 E = Experience gained in this place as a percentage of experience gained in the entire game.
 F = Experience gained in this place divided by the number of levels of this place that you have seen.
                   A       B       C       D       E      F
               +-------+-------+-------+-------+-------+----------------------
         Total | 100.0 | 100.0 |   N/A |   N/A | 100.0 |  66.0
       Dungeon | 100.0 | 100.0 |   N/A |   N/A | 100.0 |  66.0
               +-------+-------+-------+-------+-------+----------------------

Vault maps used:
D:1:      sevenhm_arrival_forest_fort_large_2
D:2:      first_bread
